 Dungeon Crawl Stone Soup version 0.29-a0-925-g0a7a3d12f8 (webtiles) character file.

Game seed: 2363912191307853299

5388 mcwallace the Covert (level 10, -2/51 HPs)
             Began as a Vine Stalker Summoner on July 28, 2022.
             Was a Follower of Vehumet.
             Slain by a slime creature (11 damage)
             ... on level 9 of the Dungeon.
             The game lasted 00:27:34 (8199 turns).

mcwallace the Covert (Vine Stalker Summoner)        Turns: 8199, Time: 00:27:35

Health: -2/51      AC: 10    Str:  9    XL:     10   Next: 66%
Magic:  0/20       EV: 14    Int: 19    God:    Vehumet [*.....]
Gold:   490        SH:  0    Dex: 19    Spells: 13/21 levels left

rFire   + + .      SeeInvis .   E - +1 halberd (vorpal) {polearm}
rCold   . . .      Faith    .   (shield currently unavailable)
rNeg    . . .      Spirit   +   g - +0 troll leather armour
rPois   +          Reflect  .   A - +2 hat
rElec   .          Harm     .   V - +0 cloak
rCorr   .          Rampage  .   T - +1 pair of gloves "Dapsipto" {rPois rF+ Str-2 Dex+4}
Will    +....                   B - +0 pair of boots
Stlth   ++++......              b - amulet of regeneration {@e2}
HPRegen 2.57/turn               i - ring of wizardry
MPRegen 0.17/turn               J - ring of protection from fire

@: no status effects
A: fangs 3, regeneration 1, magic shield, antimagic bite, no potion heal 2
a: Renounce Religion


You were on level 9 of the Dungeon.
You worshipped Vehumet.
Vehumet was aware of your devotion.
You visited 2 branches of the dungeon, and saw 10 of its levels.

You collected 490 gold pieces.


Innate Abilities, Weirdness & Mutations

You have razor-sharp teeth.
Your natural rate of healing is unusually fast.
When hurt, damage is shared between your health and your magic reserves.
Your bite disrupts and absorbs the magic of your enemies.
Potions cannot restore your health.


   Skills:
 + Level 5.2 Fighting
 + Level 1.5 Armour
 + Level 5.4 Dodging
 + Level 8.2 Stealth
 + Level 5.0 Shields
 + Level 6.3 Spellcasting
 + Level 7.2 Summonings
 + Level 4.4 Air Magic


You had 13 spell levels left.
You knew the following spells:

 Your Spells              Type           Power      Damage    Failure   Level
a - Summon Small Mammal   Summ           100%       N/A       1%          1
b - Call Canine Familiar  Summ           33%        N/A       1%          3
c - Summon Lightning Spi  Summ/Air       28%        N/A       5%          4

Your spell library contained the following spells:

 Spells                   Type           Power      Damage    Failure   Level
 Searing Ray              Conj           12%        2d4       9%          2
 Call Imp                 Summ           33%        N/A       1%          2
 Summon Guardian Golem    Hex/Summ       19%        N/A       4%          3
 Beastly Appendage        Tmut           12%        N/A       6%          1
 Foxfire                  Conj/Fire      24%        2x1d5     6%          1
 Magic Dart               Conj           24%        1d4       6%          1
 Wereblood                Tmut           6%         N/A       9%          2
 Mephitic Cloud           Conj/Pois/Air  11%        N/A       10%         3
 Conjure Flame            Conj/Fire      6%         6-21      17%         3
 Ignite Poison            Fire/Tmut/Pois 6%         N/A       17%         3
 Inner Flame              Hex/Fire       6%         N/A       17%         3
 Spider Form              Tmut/Pois      6%         N/A       17%         3
 Tukima's Dance           Hex            6%         N/A       17%         3
 Flame Wave               Conj/Fire      6%         2d5       47%         4
 Passage of Golubria      Tloc           6%         N/A       47%         4
 Freezing Cloud           Conj/Ice/Air   5%         6-21      63%         5
 Yara's Violent Unravell  Hex/Tmut       3%         3d4       82%         5

Inventory:

Hand Weapons
 x - a +0 long sword {long}
   (You found it on level 2 of the Dungeon)
 E - a +1 vorpal halberd (weapon) {polearm}
   (You took it off a gnoll on level 3 of the Dungeon)
 F - a +0 quarterstaff {staff}
   (You took it off a hobgoblin on level 3 of the Dungeon)
 X - a +4 flail of protection {mace}
   (You took it off an orc warrior on level 7 of the Dungeon)
Missiles
 d - 74 stones {throwing}
 f - 8 boomerangs {throwing}
 v - 39 poisoned darts {throwing}
 w - 3 atropa-tipped darts (quivered) {throwing}
 G - 5 throwing nets {=f!fthrowing}
Armour
 g - a +0 troll leather armour (worn)
   (You found it on level 8 of the Dungeon)
 m - a +0 ring mail
   (You found it on level 6 of the Dungeon)
 q - a +0 robe
   (You took it off an orc wizard on level 7 of the Dungeon)
 A - a +2 hat (worn)
   (You found it on level 3 of the Dungeon)
 B - a +0 pair of boots (worn)
   (You found it on level 3 of the Dungeon)
 C - a +0 kite shield
   (You found it on level 3 of the Dungeon)
 T - the +1 pair of gloves "Dapsipto" (worn) {rPois rF+ Str-2 Dex+4}
   (You acquired it on level 7 of the Dungeon)

   Str:       It affects your strength (-2).
   Dex:       It affects your dexterity (+4).
   rF:        It protects you from fire.
   rPois:     It protects you from poison.
 U - a +0 chain mail
   (You found it on level 8 of the Dungeon)
 V - a +0 cloak (worn)
   (You found it on level 6 of the Dungeon)
 Y - a +0 ring mail
   (You took it off an orc priest on level 7 of the Dungeon)
Jewellery
 b - an amulet of regeneration (around neck) {@e2}
   (You took it off a kobold on level 2 of the Dungeon)
 i - a ring of wizardry (left hand)
   (You found it on level 1 of the Dungeon)
 J - a ring of protection from fire (right hand)
   (You found it on level 4 of the Dungeon)
 L - a ring of positive energy
   (You found it on level 4 of the Dungeon)
 M - a ring of protection from cold
   (You found it on level 8 of the Dungeon)
 R - a +4 ring of protection
   (You found it on level 4 of the Dungeon)
Wands
 a - a wand of acid (2)
   (You found it on level 9 of the Dungeon)
 u - a wand of mindburst (5)
   (You found it on level 2 of the Dungeon)
 D - a wand of flame (12)
   (You found it on level 3 of the Dungeon)
Scrolls
 e - a scroll of fear {unknown}
 h - 2 scrolls of poison {unknown}
 o - 3 scrolls of vulnerability {!r!r}
 r - a scroll of enchant weapon {unknown}
 y - 2 scrolls of magic mapping {unknown}
 z - a scroll of brand weapon {unknown}
 K - 3 scrolls of identify {@r1}
 N - a scroll of immolation {unknown}
 O - 5 scrolls of enchant armour
 P - a scroll of noise {unknown}
 Q - 4 scrolls of teleportation {@r4}
 Z - a scroll of amnesia {unknown}
Potions
 c - 2 potions of might
 j - 4 potions of curing {@q1}
 k - a potion of flight
 l - a potion of resistance {unknown}
 n - 2 potions of heal wounds {unknown}
 p - 2 potions of attraction {unknown}
 s - a potion of magic
 t - a potion of brilliance {unknown}
 H - 3 potions of mutation {unknown}
 I - a potion of degeneration {unknown}
 S - a potion of lignification {unknown}
 W - a potion of ambrosia {unknown}

Dungeon Overview and Level Annotations

Branches:
Dungeon (9/15) Zot: 26631  Temple (1/1) D:5 Zot: 5945
   Lair: D:8-11         Orc: D:9-12

Altars:
Ashenzari
Cheibriados
Dithmenos
Elyvilon
Fedhas
Gozag
Hepliaklqana
Kikubaaqudgha
Makhleb
Nemelex Xobeh
Okawaru
Qazlal
Ru
Sif Muna
Trog
Uskayaw
Vehumet
Wu Jian
Xom
Yredelemnul
Zin
The Shining One

Shops:
D:3 [ D:8

* #.######## #.# #. ..#
#.######### #.# #..##.
#.........###.# ......
#....†........## #......
#..#...###..... ..... .
#.....##.##.... 8○. ...
#.........#.#.###J#..#
#<....##.##.#...@J...#
#.###..###..#.###J...# ##
............#...#....... .#
#<......#.#.#.#.#....####.##
#.#...#.#.#...#....#.###≈≈≈###
###...#...###.######.##≈≈≈≈≈≈##
......#...# #........#..≈≈≈...#
#######...###.########.≈≈≈≈..≈#
#......................≈..≈.≈.#


You could see a large slime creature, 2 slime creatures and a friendly lightning
spire (summoned).


Message History

You see here a +0 robe.
You enter the shallow water.
Moving in this stuff is going to be slow.
v - 39 poisoned darts {throwing} (gained 6)
You enter the shallow water.
Moving in this stuff is going to be slow.
G - 5 throwing nets {=f!fthrowing} (gained 1)
You enter the shallow water.
Moving in this stuff is going to be slow.
There is an empty arch of ancient stone here.
h - 2 scrolls labelled LYR SATEHE (gained 1)
You enter the shallow water.
Moving in this stuff is going to be slow. 2 slime creatures come into view.
A slime creature comes into view.
An unseen horror simulacrum, a centaur simulacrum and a slime creature come into view.
Casting: Call Canine Familiar (safe; 1% risk of failure)
Confirm with . or Enter, or press ? or * to list all spells.
An electric hum fills the air.
The slime creature quivers. x3 😎 MP[-4]
You lost 4 mp, and now have 16/20 mp.
Reach: E) +1 halberd (vorpal) {polearm}
Press: ? - help, Dir - move target, f - slime creature
Aim: a slime creature (ally target, about 19% to evade your +1 vorpal halberd)
You slash the slime creature! You bite the slime creature. You drain its power.
You feel invigorated. The slime creature barely misses you.
Your lightning spire shoots out a bolt of lightning at the slime creature!
The bolt of electricity hits the slime creature! x2
The slime creature closely misses you.
The slime creature barely misses you. 😎 MP[+2]
You regained 2 mp, and now have 18/20 mp.
Reach: E) +1 halberd (vorpal) {polearm}
Press: ? - help, Dir - move target, f/p - slime creature
Aim: a slime creature (moderately wounded, ally target, about 19% to evade your +1 vorpal halberd)
You barely miss the slime creature. Your bite misses the slime creature.
The unseen horror simulacrum completely misses your lightning spire.
The unseen horror simulacrum hits your lightning spire.
The unseen horror simulacrum freezes your lightning spire.
Your lightning spire resists.
Your lightning spire shoots out a bolt of lightning at the unseen horror simulacrum!
The bolt of electricity hits the unseen horror simulacrum.
The bolt of electricity hits the centaur simulacrum!
The unseen horror simulacrum hits your lightning spire but does no damage.
The slime creature closely misses you.
The slime creature hits you but does no damage.
The slime creature closely misses you.
Your lightning spire shoots out a bolt of lightning at the unseen horror simulacrum!
The bolt of electricity hits the unseen horror simulacrum! 😎 MP[+1] Reach: E) +1 halberd (vorpal) {polearm}
Press: ? - help, Dir - move target, f/p - slime creature
Aim: a slime creature (moderately wounded, about 19% to evade your +1 vorpal halberd)
You hit the slime creature. You bite the slime creature. You drain its power.
You feel invigorated.
The unseen horror simulacrum hits your lightning spire.
The unseen horror simulacrum freezes your lightning spire.
Your lightning spire resists.
The unseen horror simulacrum hits your lightning spire.
The unseen horror simulacrum freezes your lightning spire.
Your lightning spire resists.
The unseen horror simulacrum hits your lightning spire but does no damage.
The centaur simulacrum hits your lightning spire but does no damage.
The centaur simulacrum kicks your lightning spire but does no damage.
The slime creature closely misses you.
Two slime creatures merge to form a large slime creature.
The slime creature hits you.
The unseen horror simulacrum hits your lightning spire but does no damage.
Your lightning spire shoots out a bolt of lightning at the centaur simulacrum!
The bolt of electricity hits the centaur simulacrum!
Vehumet accepts your kill. The slime creature hits you! x2
The unseen horror simulacrum hits your lightning spire but does no damage. 😮 HP[-15] MP[-5]
You take 15 damage, and now have 36/51 hp.
MASSIVE DAMAGE!! (PAUSE)
You lost 5 mp, and now have 14/20 mp.
You hit the slime creature.
You bite the slime creature, but do no damage.
The unseen horror simulacrum hits your lightning spire but does no damage. x3
Your lightning spire shoots out a bolt of lightning at the unseen horror simulacrum!
The bolt of electricity hits the unseen horror simulacrum!
Vehumet accepts your kill. The large slime creature hits you!!
* * * LOW HITPOINT WARNING * * *
The slime creature closely misses you. The slime creature hits you.
* * * LOW HITPOINT WARNING * * *
Your lightning spire shoots out a bolt of lightning at the slime creature!
The bolt of electricity hits the slime creature! x2
The bolt of electricity hits the large slime creature! 😨 HP[-16] MP[-8]
You take 16 damage, and now have 20/51 hp.
MASSIVE DAMAGE!! (PAUSE)
You lost 8 mp, and now have 6/20 mp.
The large slime creature attacks as you move away!
The large slime creature hits you!
* * * LOW HITPOINT WARNING * * *
The slime creature attacks as you move away!
The slime creature hits you!
You die...

Skill      XL: |  1  2  3  4  5  6  7  8  9 10 |
---------------+-------------------------------+-----
Dodging        | 2 3 4 5 |  5.4
Stealth        | 3 4 5 6 7 8 |  8.2
Fighting       | 1 2 3 4 5 |  5.2
Spellcasting   | 3 4 5 6 |  6.3
Shields        | 1 2 3 4 5 |  5.0
Summonings     | 5 6 7 |  7.2
Air Magic      | 2 3 4 |  4.4
Armour         | 1 |  1.5

Action                   |  1- 3 |  4- 6 |  7- 9 | 10-12 || total
-------------------------+-------+-------+-------+-------++-------
Melee: Unarmed           |    25 |       |       |       ||    25
       Bite              |    20 |    21 |    26 |    16 ||    83
       Dagger            |    40 |    13 |       |       ||    53
       Punch             |     1 |       |       |       ||     1
       Long sword        |       |    39 |       |       ||    39
       Halberd           |       |    64 |   148 |    47 ||   259
Throw: Dart              |       |       |     2 |       ||     2
 Cast: Summon Small Mamm |    43 |     6 |     4 |       ||    53
       Call Canine Famil |       |     7 |    22 |     2 ||    31
       Summon Lightning  |       |       |    10 |    11 ||    21
Evoke: Wand              |       |       |     5 |       ||     5
  Use: Potion            |     2 |       |       |       ||     2
       Scroll            |       |       |     7 |       ||     7
 Stab: Sleeping          |     1 |     9 |     2 |     2 ||    14
       Distracted        |       |       |     3 |     2 ||     5
Armor: Robe              |    11 |    28 |    44 |     1 ||    84
       Troll leather arm |       |       |       |    21 ||    21
Dodge: Dodged            |    55 |    70 |   139 |    64 ||   328

Levels and vault maps discovered:
D:1:      eino_arrival_tree_alley, layout_basic,
          hellmonk_ecumenical_altar_arch_garden
D:2:      layout_rooms, minmay_pentomino_u4
D:3:      layout_loops_ring, gammafunk_temple_overflow_elements, serial_shops,
          shop
D:4:      layout_rooms
D:5:      layout_rooms, mainiacjoe_overflow_alcove_2, minmay_temple_entry_trees,
          uniq_pikel, uniq_sigmund, uniq_grinder
D:6:      layout_basic, kennysheep_mini, minivault_27
D:7:      layout_basic, mainiacjoe_overflow_brackets, kennysheep_mini_moat
D:8:      layout_loops_cross, mainiacjoe_overflow_boulevard,
          nicolae_dithmenos_the_darkroom, nicolae_qazlal_style_of_elements,
          serial_shops, shop
D:9:      layout_basic, serial_ice, serial_ice_j, serial_ice_m, serial_ice_e,
          serial_ice_d
Temple:   cyrus_circular_temple

Notes
Turn   | Place    | Note
-------+----------+-------------------------------------------
     0 | D:1      | mcwallace the Vine Stalker Summoner began the quest for the
                  | Orb.
     0 | D:1      | Reached XP level 1. HP: 9/9 MP: 4/4
     0 | D:1      | magus.rc [v1.9.6]
    30 | D:1      | Found a faded altar of an unknown god.
   168 | D:1      | Reached XP level 2. HP: 9/14 MP: 6/6
  1149 | D:1      | Reached XP level 3. HP: 17/17 MP: 3/7
  1335 | D:2      | Reached skill level 2 in Dodging
  1335 | D:2      | Reached skill level 3 in Stealth
  1336 | D:2      | Reached skill level 1 in Fighting
  1514 | D:2      | HP: 3/18 [adder (2)]
  1915 | D:2      | Gained mutation: Your natural rate of healing is unusually
                  | fast. [Vine Stalker growth]
  1915 | D:2      | Reached XP level 4. HP: 18/22 MP: 9/9
  2203 | D:2      | Learned a level 3 spell: Call Canine Familiar
  2524 | D:3      | Reached skill level 3 in Spellcasting
  2524 | D:3      | Reached XP level 5. HP: 20/25 MP: 3/10
  2718 | D:3      | Found Manola's Antique Armour Shoppe.
  2752 | D:3      | Found a shimmering altar of Xom.
  2752 | D:3      | Found a snail-covered altar of Cheibriados.
  2802 | D:3      | You pick up a book of Changes and begin reading...
  2802 | D:3      | You add the spells Beastly Appendage, Wereblood and Spider
                  | Form to your library.
  3162 | D:4      | Reached skill level 4 in Stealth
  3296 | D:4      | Reached XP level 6. HP: 27/30 MP: 9/11
  3300 | D:4      | Reached skill level 2 in Fighting
  3300 | D:4      | Reached skill level 1 in Shields
  3425 | D:4      | You add the spells Ignite Poison, Mephitic Cloud and
                  | Freezing Cloud to your library.
  3621 | D:5      | Entered Level 5 of the Dungeon
  3621 | D:5      | Noticed a water moccasin
  3636 | D:5      | Killed a water moccasin
  3702 | D:5      | Reached skill level 3 in Dodging
  3702 | D:5      | Reached XP level 7. HP: 23/35 MP: 3/13
  3703 | D:5      | Reached skill level 5 in Summonings
  3880 | D:5      | Reached skill level 2 in Shields
  3885 | D:5      | Reached skill level 5 in Stealth
  3889 | D:5      | HP: 4/35 [ogre/+0 giant club (17)]
  3891 | D:5      | Reached skill level 4 in Spellcasting
  4069 | D:5      | Reached skill level 3 in Fighting
  4069 | D:5      | Gained mutation: You have razor-sharp teeth. [Vine Stalker
                  | growth]
  4069 | D:5      | Reached XP level 8. HP: 40/40 MP: 15/15
  4312 | D:5      | Found a staircase to the Ecumenical Temple.
  4319 | Temple   | Entered the Ecumenical Temple
  4358 | Temple   | Became a worshipper of Vehumet
  4446 | D:5      | Noticed Pikel
  4449 | D:5      | Noticed Grinder
  4476 | D:5      | Killed Pikel
  4477 | D:5      | Reached skill level 6 in Stealth
  4477 | D:5      | Reached skill level 3 in Shields
  4477 | D:5      | Reached skill level 1 in Air Magic
  4489 | D:5      | Killed Grinder
  4490 | D:5      | Reached skill level 4 in Dodging
  4594 | D:5      | Found a basalt altar of Yredelemnul.
  4663 | D:5      | Noticed Sigmund
  4675 | D:5      | Killed Sigmund
  4676 | D:5      | Reached skill level 6 in Summonings
  4676 | D:5      | Reached skill level 2 in Air Magic
  4676 | D:5      | Reached XP level 9. HP: 45/45 MP: 14/17
  4779 | D:6      | Reached skill level 5 in Spellcasting
  4936 | D:6      | You pick up a book of Minor Magic and begin reading...
  5095 | D:6      | Reached skill level 4 in Fighting
  5385 | D:6      | Found a shimmering blue altar of Sif Muna.
  5862 | D:7      | Learned a level 4 spell: Summon Lightning Spire
  5878 | D:7      | Found a sacrificial altar of Ru.
  5914 | D:7      | Reached * piety under Vehumet
  5914 | D:7      | Offered knowledge of Foxfire by Vehumet.
  5915 | D:7      | Reached skill level 3 in Air Magic
  5917 | D:7      | Reached skill level 7 in Stealth
  5936 | D:7      | Reached skill level 4 in Shields
  5940 | D:7      | You pick up a book of Flames and begin reading...
  5940 | D:7      | You add the spells Foxfire, Conjure Flame, Inner Flame and
                  | Flame Wave to your library.
  6350 | D:7      | HP: 9/46 [orc warrior/+4 flail of protection (12)]
  6350 | D:7      | HP: 1/46 [orc warrior/+4 flail of protection (8)]
  6472 | D:7      | Found a hazy altar of Hepliaklqana.
  6536 | D:7      | Identified a scroll of acquirement
  6537 | D:7      | Acquired the +1 pair of gloves "Dapsipto" {rPois rF+ Str-2
                  | Dex+4}
  6630 | D:7      | You add the spells Tukima's Dance, Passage of Golubria and
                  | Yara's Violent Unravelling to your library.
  6961 | D:7      | Reached XP level 10. HP: 51/51 MP: 19/19
  6986 | D:8      | Found Kobil's General Store.
  7044 | D:8      | Found a stormy altar of Qazlal.
  7170 | D:8      | Reached skill level 5 in Dodging
  7254 | D:8      | Found an ornate altar of the Wu Jian Council.
  7384 | D:8      | Reached skill level 6 in Spellcasting
  7429 | D:8      | Found a shadowy altar of Dithmenos.
  7434 | D:8      | Reached skill level 4 in Air Magic
  7515 | D:8      | Reached skill level 5 in Fighting
  7735 | D:8      | Reached skill level 7 in Summonings
  7760 | D:8      | You pick up a book of Minor Magic and begin reading...
  7875 | D:9      | Noticed a death yak
  7889 | D:9      | Killed a death yak
  7890 | D:9      | Reached skill level 1 in Armour
  7890 | D:9      | Reached skill level 8 in Stealth
  8023 | D:9      | Offered knowledge of Searing Ray by Vehumet.
  8084 | D:9      | Reached skill level 5 in Shields
  8199 | D:9      | HP: 9/51 [large slime creature (11)]
  8199 | D:9      | Slain by a slime creature

Vanquished Creatures
  A death yak (D:9)
  Pikel (D:5)
  A steam dragon (D:8)
  2 water moccasins
  An orc warrior (D:7)
  An ice beast (D:8)
  2 ogres
  2 centaurs
  A phantom (D:6)
  A kobold brigand (D:6)
  A gnoll sergeant (D:8)
  3 necrophages (D:7)
  A scorpion (D:5)
  A bullfrog (D:8)
  2 killer bees (D:9)
  An electric eel (D:9)
  2 jellies (D:5)
  An orc priest (D:8)
  A hound (D:4)
  2 iguanas
  10 gnolls
  5 adders
  A shadow imp (D:6)
  A white imp (D:9)
  An ufetubus (D:5)
  3 dart slugs
  9 orcs
  9 ball pythons
  7 endoplasms
  4 giant cockroaches
  5 goblins
  4 hobgoblins
  9 kobolds
  2 quokkas
  A bat (D:2)
  2 frilled lizards
  8 rats
109 creatures vanquished.

Vanquished Creatures (collateral kills)
  A troll (D:8)
  Grinder (D:5)
  Sigmund (D:5)
  A wyvern (D:8)
  2 unseen horror simulacra (D:9)
  A steam dragon (D:8)
  An orc warrior (D:7)
  A black bear (D:7)
  A wolf (D:9)
  3 ogres
  A kobold brigand (D:7)
  9 killer bees
  2 hounds
  2 orc priests
  3 iguanas
  2 orc wizards (D:7)
  A centaur simulacrum (D:9)
  10 gnolls
  2 adders
  2 white imps
  An ufetubus (D:9)
  2 dart slugs (D:1)
  8 orcs
  2 endoplasms
  A goblin (D:1)
  3 hobgoblins
  2 jackals (D:5)
  A quokka (D:2)
  3 ball pythons (D:1)
  2 bats
  A frilled lizard (D:2)
  7 kobolds
  A rat (D:1)
81 creatures vanquished.

Grand Total: 190 creatures vanquished

Table legend:
 A = Non-vault XP
 B = Vault XP
 C = Vault XP percentage of total XP
 D = Non-vault monster count
 E = Vault monster count
 F = Vault count percentage of total count
                 A         B        C        D         E       F
            +---------+---------+-------+---------+---------+-------
      Total |    5201 |    2497 |  32.4 |     176 |      14 |   7.4
            +---------+---------+-------+---------+---------+-------
        D:1 |      36 |       0 |   0.0 |      19 |       0 |   0.0
        D:2 |      73 |       5 |   6.4 |      25 |       3 |  10.7
        D:3 |     100 |       0 |   0.0 |      19 |       0 |   0.0
        D:4 |     177 |       0 |   0.0 |      20 |       0 |   0.0
        D:5 |     943 |    1141 |  54.8 |      23 |       3 |  11.5
        D:6 |     672 |       0 |   0.0 |      17 |       0 |   0.0
        D:7 |    1529 |       0 |   0.0 |      32 |       0 |   0.0
        D:8 |    1300 |       0 |   0.0 |      15 |       0 |   0.0
        D:9 |     371 |    1351 |  78.5 |       6 |       8 |  57.1
            +---------+---------+-------+---------+---------+-------

Illustrated notes

Table legend:
 A = Kills in this place as a percentage of kills in entire the game.
 B = Kills by you in this place as a percentage of kills by you in the entire game.
 C = Kills by friends in this place as a percentage of kills by friends in the entire game.
 D = Other kills in this place as a percentage of other kills in the entire game.
 E = Experience gained in this place as a percentage of experience gained in the entire game.
 F = Experience gained in this place divided by the number of levels of this place that you have seen.
                   A       B       C       D       E      F
               +-------+-------+-------+-------+-------+----------------------
         Total | 100.0 | 100.0 | 100.0 |   N/A | 100.0 | 769.8
       Dungeon | 100.0 | 100.0 | 100.0 |   N/A | 100.0 | 855.3
               +-------+-------+-------+-------+-------+----------------------

Table legend: (Time is in decaauts)
 A = Elapsed time spent in this place.
 B = Non-inter-level travel time spent in this place.
 C = Inter-level travel time spent in this place.
 D = Time resting spent in this place.
 E = Time spent auto-exploring this place.
 F = Levels seen in this place.
 G = Mean time per level.
                   A        B        C        D        E       F      G
               +--------+--------+--------+--------+--------+-----+--------+
         Total |   8360 |   8170 |    190 |    206 |   6289 |  10 |  836.0 |
       Dungeon |   8305 |   8115 |    190 |    206 |   6289 |   9 |  922.8 |
        Temple |     54 |     54 |      0 |      0 |      0 |   1 |   54.0 |
               +--------+--------+--------+--------+--------+-----+--------+

Top non-repeatable levels by time:
     D:1: 1287 daAuts
     D:6: 1137 daAuts
     D:7: 1132 daAuts
     D:5: 1115 daAuts
     D:2: 934 daAuts
     D:8: 892 daAuts
     D:3: 882 daAuts
     D:4: 554 daAuts
     D:9: 368 daAuts
  Temple: 54 daAuts
